General information
- name: BNet
- type: Ladder team game (AT/RT)
- host: Battle.net
- saver: UKArabInvasion
map: DragonFalls
- players: 8
- length: 37:02
- speed: Fast
- version: 1.26 W3XP
- replay type: Public
» download(237 KB)
Players
team 1 (loser)

»
penguinblade (
orange | 37 APM | 1361 actions | 37:01)
6 Death Knight
3 Death Coil
2 Unholy Aura
1 Animate Dead
5 Lich
3 Frost Nova
2 Frost Armor
5 Crypt Lord
3 Impale
2 Spiked Carapace
» actions
| Assign group hotkey | 17 | |
| Basic commands | 72 | |
| Build / train | 71 | |
| ESC pressed | 2 | |
| Enter build submenu | 29 | |
| Enter hero's abilities submenu | 16 | |
| Right click | 464 | |
| Select / deselect | 316 | |
| Select group hotkey | 276 | |
| Use ability | 98 | |
1361 total
» units
| Acolyte | 7 | |
| Ghoul | 5 | |
| Crypt Fiend | 8 | |
| Frost Wyrm | 6 | |
| Obsidian Statue | 1 | |
27 total
» upgrades
| Creature Attack | 3 | |
| Creature Carapace | 2 | |
| Web | 1 | |
| Freezing Breath | 1 | |
| Destroyer Form | 1 | |
8 total
» buildings
| Crypt | 1 | |
| Graveyard | 2 | |
| Ziggurat | 9 | |
| Altar of Darkness | 1 | |
| Tomb of Relics | 1 | |
| Halls of the Dead | 1 | |
| Nerubian Tower | 2 | |
| Sacrificial Pit | 1 | |
| Black Citadel | 1 | |
| Boneyard | 2 | |
| Slaughterhouse | 1 | |
| Necropolis | 4 | |
| Spirit Tower | 1 | |
27 total
» build order
00:14 Crypt
00:19 Graveyard
00:23 Graveyard
00:41 Ziggurat
01:00 Altar of Darkness
01:39 Ziggurat
02:26 Tomb of Relics
03:36 Halls of the Dead
04:43 Ziggurat
05:36 Nerubian Tower
07:15 Sacrificial Pit
07:17 Ziggurat
08:54 Black Citadel
12:09 Boneyard
12:10 Boneyard
12:19 Ziggurat
13:10 Ziggurat
15:26 Ziggurat
16:26 Ziggurat
16:27 Ziggurat
16:28 Nerubian Tower
20:31 Slaughterhouse
25:35 Necropolis
26:02 Spirit Tower
27:33 Necropolis
27:36 Necropolis
29:36 Necropolis
» items
| Rod of Necromancy | 2 | |
| Dust of Appearance | 2 | |
| Potion of Healing | 2 | |
| Potion of Mana | 1 | |
| Orb of Corruption | 1 | |
| Scroll of Town Portal | 3 | |
11 total

»
Forto (
blue | 64 APM | 1843 actions | 28:52)
7 Death Knight
3 Death Coil
2 Unholy Aura
1 Death Pact
1 Animate Dead
5 Lich
3 Frost Nova
2 Frost Armor
» actions
| Assign group hotkey | 24 | |
| Basic commands | 87 | |
| Build / train | 54 | |
| ESC pressed | 7 | |
| Enter build submenu | 17 | |
| Enter hero's abilities submenu | 12 | |
| Give item / drop item | 2 | |
| Right click | 889 | |
| Select / deselect | 339 | |
| Select group hotkey | 343 | |
| Use ability | 69 | |
1843 total
» units
| Acolyte | 7 | |
| Ghoul | 3 | |
| Crypt Fiend | 11 | |
| Frost Wyrm | 3 | |
| Obsidian Statue | 1 | |
| Green Dragon | 2 | |
27 total
» upgrades
| Creature Attack | 1 | |
| Web | 1 | |
| Freezing Breath | 1 | |
3 total
» buildings
| Altar of Darkness | 1 | |
| Crypt | 1 | |
| Ziggurat | 8 | |
| Graveyard | 1 | |
| Tomb of Relics | 1 | |
| Halls of the Dead | 1 | |
| Black Citadel | 1 | |
| Sacrificial Pit | 1 | |
| Boneyard | 2 | |
| Slaughterhouse | 1 | |
18 total
» build order
00:25 Altar of Darkness
00:30 Crypt
00:42 Ziggurat
01:05 Graveyard
01:19 Ziggurat
01:51 Tomb of Relics
03:28 Halls of the Dead
04:11 Ziggurat
05:42 Ziggurat
06:41 Ziggurat
06:45 Black Citadel
07:04 Sacrificial Pit
09:27 Boneyard
09:29 Boneyard
14:30 Slaughterhouse
15:23 Ziggurat
16:09 Ziggurat
19:41 Ziggurat
» items
| Rod of Necromancy | 1 | |
| Potion of Healing | 2 | |
| Orb of Corruption | 1 | |
| Dust of Appearance | 1 | |
| Lesser Clarity Potion | 2 | |
| Scroll of Town Portal | 1 | |
8 total
SpaceJewInSpace (
red | 62 APM | 2291 actions | 37:01)
6 Blademaster
3 Wind Walk
2 Critical Strike
1 Bladestorm
» actions
| Assign group hotkey | 177 | |
| Basic commands | 173 | |
| Build / train | 65 | |
| Enter build submenu | 39 | |
| Enter hero's abilities submenu | 6 | |
| Give item / drop item | 3 | |
| Right click | 1229 | |
| Select / deselect | 270 | |
| Select group hotkey | 199 | |
| Use ability | 130 | |
2291 total
» units
| Peon | 17 | |
| Grunt | 3 | |
| Troll Batrider | 9 | |
| Wind Rider | 3 | |
32 total
» upgrades
| Ranged Weapons | 3 | |
| Armor | 3 | |
| Liquid Fire | 1 | |
| Reinforced Defenses | 1 | |
| Troll Regeneration | 1 | |
9 total
» buildings
| Orc Burrow | 5 | |
| Altar of Storms | 1 | |
| Barracks | 1 | |
| Voodoo Lounge | 1 | |
| Great Hall | 2 | |
| Stronghold | 1 | |
| War Mill | 4 | |
| Watch Tower | 21 | |
| Beastiary | 4 | |
| Fortress | 1 | |
41 total
» build order
00:47 Orc Burrow
00:50 Altar of Storms
00:53 Barracks
01:25 Orc Burrow
01:38 Voodoo Lounge
04:42 Great Hall
04:43 Stronghold
05:22 War Mill
06:45 War Mill
06:55 War Mill
07:00 Orc Burrow
07:01 Orc Burrow
08:31 Watch Tower
08:31 Watch Tower
09:13 Beastiary
09:15 Beastiary
09:18 Beastiary
09:18 Beastiary
11:29 Fortress
14:29 Watch Tower
14:30 Watch Tower
14:31 Watch Tower
14:33 Watch Tower
14:33 Watch Tower
14:34 Watch Tower
14:35 Watch Tower
14:36 Watch Tower
15:49 Great Hall
15:53 Watch Tower
15:53 Watch Tower
15:54 Watch Tower
15:55 Watch Tower
16:20 War Mill
24:46 Watch Tower
24:47 Watch Tower
24:47 Watch Tower
24:48 Watch Tower
24:49 Watch Tower
24:50 Watch Tower
24:51 Watch Tower
24:52 Orc Burrow
» items
| Healing Salve | 3 | |
| Boots of Speed | 1 | |
| Scroll of Town Portal | 2 | |
| Lesser Clarity Potion | 3 | |
| Staff of Teleportation | 1 | |
| Periapt of Vitality | 2 | |
| Orb of Lightning | 1 | |
| Potion of Healing | 1 | |
| Potion of Mana | 1 | |
15 total
africanRWhite (
yellow | 51 APM | 1893 actions | 37:01)
6 Shadow Hunter
2 Hex
3 Healing Wave
1 Big Bad Voodoo
» actions
| Assign group hotkey | 27 | |
| Basic commands | 126 | |
| Build / train | 74 | |
| Enter build submenu | 36 | |
| Enter hero's abilities submenu | 6 | |
| Give item / drop item | 1 | |
| Right click | 637 | |
| Select / deselect | 292 | |
| Select group hotkey | 561 | |
| Use ability | 133 | |
1893 total
» units
| Peon | 24 | |
| Grunt | 4 | |
| Wind Rider | 6 | |
| Goblin Shredder | 2 | |
| Goblin Zeppelin | 2 | |
38 total
» upgrades
| Reinforced Defenses | 1 | |
| Envenomed Spears | 1 | |
| Ranged Weapons | 4 | |
| Armor | 4 | |
10 total
» buildings
| Altar of Storms | 1 | |
| Orc Burrow | 7 | |
| Barracks | 1 | |
| Voodoo Lounge | 1 | |
| Stronghold | 2 | |
| War Mill | 4 | |
| Great Hall | 3 | |
| Watch Tower | 45 | |
| Fortress | 1 | |
| Beastiary | 5 | |
70 total
» build order
00:11 Altar of Storms
00:20 Orc Burrow
00:37 Barracks
01:24 Orc Burrow
02:16 Voodoo Lounge
03:01 Stronghold
03:01 Stronghold
03:35 War Mill
04:44 Orc Burrow
05:15 Great Hall
05:58 Watch Tower
05:58 Watch Tower
05:59 Watch Tower
06:00 Watch Tower
06:36 Watch Tower
06:36 Watch Tower
06:36 Watch Tower
06:37 Watch Tower
06:37 Watch Tower
07:12 Watch Tower
08:19 Watch Tower
08:19 Watch Tower
09:15 Fortress
09:20 Beastiary
09:56 Beastiary
10:32 Orc Burrow
10:33 Orc Burrow
10:35 Orc Burrow
11:07 Watch Tower
11:07 Watch Tower
11:07 Watch Tower
11:08 Watch Tower
11:09 Watch Tower
11:09 Watch Tower
13:54 Beastiary
14:45 War Mill
14:49 Watch Tower
14:49 Watch Tower
14:51 Watch Tower
15:22 Great Hall
16:19 Watch Tower
16:19 Watch Tower
16:20 Watch Tower
16:20 Watch Tower
16:21 Watch Tower
17:17 Watch Tower
17:17 Watch Tower
17:26 Watch Tower
17:27 Watch Tower
17:30 Watch Tower
17:30 Watch Tower
17:54 War Mill
18:41 Watch Tower
18:42 Watch Tower
18:42 Watch Tower
19:53 War Mill
20:04 Watch Tower
20:04 Watch Tower
20:05 Watch Tower
20:55 Watch Tower
20:56 Watch Tower
22:43 Watch Tower
22:43 Watch Tower
22:43 Watch Tower
22:44 Watch Tower
22:44 Watch Tower
23:29 Beastiary
23:44 Beastiary
24:46 Great Hall
25:58 Orc Burrow
» items
| Healing Salve | 4 | |
| Lesser Clarity Potion | 2 | |
| Staff of Teleportation | 2 | |
| Potion of Mana | 4 | |
| Orb of Lightning | 1 | |
| Scroll of Town Portal | 2 | |
15 total
team 2 (winner)
Just-blow-me (
purple | 70 APM | 1607 actions | 23:04)
5 Death Knight
3 Death Coil
2 Unholy Aura
2 Crypt Lord
1 Impale
1 Spiked Carapace
2 Lich
1 Frost Nova
1 Frost Armor
» actions
| Assign group hotkey | 50 | |
| Basic commands | 181 | |
| Build / train | 77 | |
| ESC pressed | 3 | |
| Enter build submenu | 18 | |
| Enter hero's abilities submenu | 9 | |
| Give item / drop item | 4 | |
| Right click | 511 | |
| Select / deselect | 336 | |
| Select group hotkey | 331 | |
| Use ability | 87 | |
1607 total
» units
| Acolyte | 8 | |
| Ghoul | 4 | |
| Crypt Fiend | 11 | |
| Obsidian Statue | 2 | |
| Frost Wyrm | 7 | |
32 total
» upgrades
| Creature Attack | 2 | |
| Creature Carapace | 2 | |
| Web | 1 | |
| Burrow | 1 | |
| Freezing Breath | 1 | |
| Destroyer Form | 1 | |
8 total
» buildings
| Altar of Darkness | 1 | |
| Crypt | 1 | |
| Ziggurat | 7 | |
| Graveyard | 1 | |
| Tomb of Relics | 1 | |
| Nerubian Tower | 2 | |
| Necropolis | 2 | |
| Halls of the Dead | 1 | |
| Black Citadel | 1 | |
| Slaughterhouse | 1 | |
| Spirit Tower | 3 | |
| Sacrificial Pit | 1 | |
| Boneyard | 2 | |
24 total
» build order
00:44 Altar of Darkness
00:49 Crypt
01:01 Ziggurat
01:11 Graveyard
01:19 Tomb of Relics
01:58 Ziggurat
02:12 Nerubian Tower
05:05 Necropolis
05:10 Ziggurat
06:05 Nerubian Tower
06:07 Halls of the Dead
06:57 Ziggurat
07:45 Necropolis
09:05 Black Citadel
09:07 Slaughterhouse
09:10 Spirit Tower
09:14 Ziggurat
09:16 Ziggurat
09:33 Sacrificial Pit
11:56 Spirit Tower
12:21 Boneyard
13:16 Boneyard
14:14 Ziggurat
» items
| Rod of Necromancy | 2 | |
| Sacrificial Skull | 1 | |
| Scroll of Town Portal | 3 | |
| Potion of Healing | 2 | |
| Orb of Corruption | 1 | |
| Orb of Fire | 1 | |
| Scroll of Healing | 1 | |
11 total

»
ApacheWarrior (
teal | 44 APM | 1017 actions | 22:54)
4 Far Seer
2 Feral Spirit
1 Far Sight
1 Chain Lighting
» actions
| Basic commands | 507 | |
| Build / train | 53 | |
| ESC pressed | 4 | |
| Enter build submenu | 17 | |
| Enter hero's abilities submenu | 4 | |
| Remove unit from queue | 2 | |
| Right click | 3 | |
| Select / deselect | 338 | |
| Use ability | 89 | |
1017 total
» units
| Peon | 16 | |
| Troll Headhunter/Berserker | 8 | |
| Shaman | 4 | |
| Troll Witch Doctor | 4 | |
32 total
» upgrades
| Ranged Weapons | 2 | |
| Armor | 1 | |
| Troll Regeneration | 1 | |
| Shaman Training | 2 | |
| Berserker Upgrade | 1 | |
| Witch Doctor Training | 2 | |
9 total
» buildings
| Altar of Storms | 1 | |
| Orc Burrow | 8 | |
| War Mill | 2 | |
| Stronghold | 1 | |
| Barracks | 1 | |
| Fortress | 1 | |
| Spirit Lodge | 2 | |
| Voodoo Lounge | 1 | |
| Great Hall | 1 | |
| Watch Tower | 1 | |
19 total
» build order
00:07 Altar of Storms
00:22 Orc Burrow
01:08 Orc Burrow
01:33 Orc Burrow
02:20 War Mill
02:29 War Mill
03:26 Stronghold
03:30 Barracks
03:51 Orc Burrow
06:35 Fortress
06:41 Spirit Lodge
06:45 Spirit Lodge
08:54 Orc Burrow
09:09 Voodoo Lounge
12:01 Orc Burrow
12:28 Orc Burrow
13:28 Great Hall
14:28 Orc Burrow
16:34 Watch Tower
» items
| Healing Salve | 2 | |
| Potion of Healing | 1 | |
3 total
Shakuru (
green | 43 APM | 1040 actions | 24:06)
3 Blademaster
2 Wind Walk
1 Critical Strike
» actions
| Assign group hotkey | 8 | |
| Basic commands | 1 | |
| Build / train | 43 | |
| Enter build submenu | 16 | |
| Enter hero's abilities submenu | 3 | |
| Remove unit from queue | 1 | |
| Right click | 471 | |
| Select / deselect | 318 | |
| Select group hotkey | 91 | |
| Use ability | 88 | |
1040 total
» units
| Peon | 12 | |
| Troll Witch Doctor | 2 | |
| Tauren | 2 | |
| Shaman | 2 | |
| Goblin Zeppelin | 1 | |
| Goblin Shredder | 1 | |
20 total
» upgrades
| Melee Weapons | 1 | |
| Armor | 1 | |
| Shaman Training | 2 | |
4 total
» buildings
| Altar of Storms | 1 | |
| Orc Burrow | 5 | |
| Voodoo Lounge | 2 | |
| Stronghold | 2 | |
| War Mill | 1 | |
| Fortress | 1 | |
| Spirit Lodge | 2 | |
| Tauren Totem | 2 | |
| Great Hall | 1 | |
17 total
» build order
01:24 Altar of Storms
01:26 Orc Burrow
01:30 Voodoo Lounge
03:04 Orc Burrow
03:41 Stronghold
04:41 Orc Burrow
04:47 War Mill
06:45 Fortress
06:47 Spirit Lodge
08:43 Spirit Lodge
09:07 Tauren Totem
09:09 Tauren Totem
12:52 Orc Burrow
15:28 Orc Burrow
16:23 Voodoo Lounge
18:42 Great Hall
21:16 Stronghold
» items
| Healing Salve | 1 | |
| Lesser Clarity Potion | 4 | |
| Potion of Healing | 2 | |
| Potion of Mana | 1 | |
| Orb of Lightning | 1 | |
9 total
UKArabInvasion (
pink | 72 APM | 2650 actions | 37:02)
5 Archmage
3 Summon Water Elemental
2 Brilliance Aura
1 Lich
1 Frost Nova
1 Crypt Lord
1 Spiked Carapace
» actions
| Assign group hotkey | 43 | |
| Basic commands | 47 | |
| Build / train | 116 | |
| ESC pressed | 1 | |
| Enter build submenu | 34 | |
| Enter hero's abilities submenu | 7 | |
| Remove unit from queue | 1 | |
| Right click | 1299 | |
| Select / deselect | 530 | |
| Select group hotkey | 503 | |
| Use ability | 69 | |
2650 total
» units
| Peasant | 16 | |
| Footman | 4 | |
| Gryphon Rider | 21 | |
| Dragonhawk Rider | 1 | |
| Goblin Sapper | 5 | |
47 total
» upgrades
| Masonry | 3 | |
| Swords | 3 | |
| Lumber Harvesting | 2 | |
| Storm Hammers | 1 | |
| Armor | 3 | |
| Animal War Training | 1 | |
| Cloud | 1 | |
| Backpack | 1 | |
| Spiked Barricades | 1 | |
16 total
» buildings
| Altar of Kings | 1 | |
| Farm | 6 | |
| Barracks | 1 | |
| Town Hall | 2 | |
| Scout Tower | 11 | |
| Lumber Mill | 2 | |
| Guard Tower | 22 | |
| Keep | 2 | |
| Arcane Vault | 1 | |
| Blacksmith | 1 | |
| Castle | 1 | |
| Gryphon Aviary | 2 | |
| Spirit Tower | 2 | |
| Halls of the Dead | 1 | |
| Ziggurat | 1 | |
56 total
» build order
00:07 Altar of Kings
00:20 Farm
00:39 Barracks
01:39 Farm
02:24 Farm
03:41 Town Hall
03:53 Scout Tower
03:58 Scout Tower
04:23 Lumber Mill
05:16 Guard Tower
05:19 Guard Tower
05:20 Guard Tower
05:20 Guard Tower
05:40 Keep
06:16 Scout Tower
06:19 Scout Tower
06:24 Arcane Vault
06:29 Scout Tower
06:44 Guard Tower
06:49 Guard Tower
06:52 Blacksmith
06:59 Guard Tower
08:15 Castle
08:20 Gryphon Aviary
08:24 Gryphon Aviary
11:09 Farm
13:23 Scout Tower
13:55 Farm
14:20 Guard Tower
14:27 Scout Tower
15:01 Guard Tower
15:06 Scout Tower
15:34 Guard Tower
15:36 Guard Tower
15:39 Guard Tower
16:16 Guard Tower
16:17 Guard Tower
17:38 Farm
22:46 Guard Tower
22:47 Guard Tower
22:53 Guard Tower
24:31 Lumber Mill
25:53 Spirit Tower
25:56 Spirit Tower
25:58 Halls of the Dead
26:02 Ziggurat
28:39 Town Hall
28:41 Scout Tower
28:42 Scout Tower
28:43 Scout Tower
29:16 Guard Tower
29:17 Guard Tower
29:17 Guard Tower
» items
| Potion of Healing | 2 | |
| Scroll of Regeneration | 1 | |
| Ivory Tower | 11 | |
| Scroll of Town Portal | 1 | |
15 total
Chat log
(00:19 / All) SpaceJewInSpace: asl everyone
(00:22 / Allies) Just-blow-me: another bs
(00:25 / Allies) UKArabInvasion: ?
(00:27 / All) africanRWhite: male
(00:28 / Allies) UKArabInvasion: i'll fast expo
(00:29 / All) africanRWhite: 25
(00:31 / All) africanRWhite: CANADA
(00:44 / All) SpaceJewInSpace: I bet you're from california
(00:45 / Allies) UKArabInvasion: who is bs
(00:58 / All) africanRWhite: why u say that
(00:58 / Allies) Just-blow-me: look like grn was
(01:06 / All) penguinblade: cause ur racist
(01:12 / All) SpaceJewInSpace: people from california are big stupid heads
(01:46 / Allies) Just-blow-me: dk fiends wyrms
(02:01 / Allies) UKArabInvasion: gryphons
(02:25 / Allies) Just-blow-me: teal melle?
(03:35 / Allies) ApacheWarrior: get yellow
(04:32 / All) Shakuru: ?
(05:14 / Allies) Shakuru: so teal, what are your units
(05:28 / Allies) ApacheWarrior: hh shams
(05:31 / Allies) Shakuru: k
(05:34 / Allies) Shakuru: then i go taurens docs
(05:39 / All) SpaceJewInSpace: Get out of here gut eater
(05:58 / All) Shakuru: look, guys. this game is international
(06:03 / All) Shakuru: pink is arab
(06:11 / All) Shakuru: yellow is black
(06:16 / All) Shakuru: red is a jew
(06:22 / All) Shakuru: and teal is a native indian
(06:28 / All) penguinblade: im latin
(06:35 / All) Shakuru: and the latin one
(06:44 / All) penguinblade: ur nazy
(06:47 / All) penguinblade: nazi
(07:01 / All) Shakuru: nah, im not racist. i just hate latinos/hispanics
(09:45 / Allies) UKArabInvasion: blue maybe pushing me
(09:47 / Allies) UKArabInvasion: saw him with ele
(10:54 / Allies) Just-blow-me: bak pink
(12:16 / All) africanRWhite: next battle, green and teal will be raped
(12:25 / Allies) Shakuru: wood plz
(13:22 / Allies) Shakuru: pink gold plz
(13:24 / Allies) Shakuru: u have 35000
(13:29 / Allies) UKArabInvasion: expo
(13:40 / Allies) Shakuru: what about it
(13:48 / Allies) UKArabInvasion: get an expo if you need gold, duh
(13:54 / Allies) Shakuru: dont duh me, idiot
(14:12 / Allies) UKArabInvasion: you are 21-18 that is laughable please don't talk back unless I give permission
(14:23 / Allies) Shakuru: stfu retard
(14:26 / Allies) Shakuru: u fucking suck
(14:33 / Allies) UKArabInvasion: is that why I have 4k gold and you have none?
(14:34 / Allies) Shakuru: 3500 gold and u cant do shit with that much gold
(14:35 / Allies) UKArabInvasion: learn to expand
(14:45 / Allies) Shakuru: ive been fighting, retard
(14:49 / Allies) Shakuru: nobody has touched yoru base
(14:56 / Allies) UKArabInvasion: other than blue?
(15:02 / Allies) Just-blow-me: burrow
(15:02 / Allies) Shakuru: is htat it?
(15:05 / Allies) Shakuru: i got attacked by two
(15:07 / Allies) Just-blow-me: fix
(15:45 / All) SpaceJewInSpace: lawl a shaman bolt just hit my bat all the way back in my base
(17:03 / Allies) UKArabInvasion: gj losing your stuff at an expo, and you call me a noob
(17:07 / Allies) Just-blow-me: lets hit
(17:09 / Allies) UKArabInvasion: what a clown
(17:24 / Allies) Just-blow-me: meet
(17:25 / Allies) Shakuru: im making u lose, retard. i dont want u to win at all
(17:30 / Allies) UKArabInvasion: oh, i see
(17:34 / Allies) UKArabInvasion: then why not just tp and stab me faggot
(17:42 / Allies) Shakuru: cuz im not you.
(17:48 / Allies) UKArabInvasion: or you want the win bad
(18:58 / Allies) Shakuru: u havent done shit at all, pink. u suck
(19:04 / Allies) UKArabInvasion: lol
(19:12 / Allies) Shakuru: keep sitting at your base
(19:52 / Allies) Shakuru: lol what an idiot, pink
(19:58 / Allies) Shakuru: got stuck? haha
(20:03 / Allies) UKArabInvasion: killed 1 zig 1 aco traded tp
(20:05 / Allies) UKArabInvasion: effective
(20:16 / Allies) UKArabInvasion: I have a base to get stuck in brah
(20:17 / Allies) Shakuru: u suck, dude
(20:18 / Allies) UKArabInvasion: unlike you
(20:23 / Allies) Shakuru: u dont do shit at all
(20:26 / Allies) UKArabInvasion: you probably have 30 apm
(22:28 / Allies) Just-blow-me: wood
(22:33 / All) africanRWhite: u guys suck lalw
(22:36 / Allies) Just-blow-me: woood
(22:36 / Allies) Just-blow-me: woo
(22:37 / All) Shakuru: it's 4v3
(22:41 / All) UKArabInvasion: yeah we have you
(22:45 / All) SpaceJewInSpace: that's cuz you suck faggot
(22:48 / All) Shakuru: pink is a retard. just sitting in his base
(22:51 / All) UKArabInvasion: even red agrees
(22:55 / All) SpaceJewInSpace: what have you done noob?
(23:04 / All) Shakuru: sweet. i wanted pink to lose
(23:08 / All) Shakuru: haha enjoy your lose, pink
(23:16 / All) africanRWhite: stay green lalw
(23:48 / All) africanRWhite: green
(23:50 / All) africanRWhite: what what happens
(24:10 / All) UKArabInvasion: he raged out
(24:20 / All) UKArabInvasion: Leave faggots, you clowns lost
(24:24 / All) UKArabInvasion: Because your team is still in-game
(24:36 / All) penguinblade: DUDE
(24:39 / All) penguinblade: just gtfo
(24:42 / All) UKArabInvasion: LOL
(24:47 / All) UKArabInvasion: You fools got raped all game
(24:51 / All) UKArabInvasion: Esp. blue to my harassment
(24:59 / All) UKArabInvasion: Just leave, save yourselves time
(25:01 / All) UKArabInvasion: Heed my warnings
(25:02 / All) penguinblade: ya thats the reason we won
(25:13 / All) UKArabInvasion: Oh ho ho, you haven't won yet
(25:24 / All) africanRWhite: pink shut up u suck man!
(25:27 / All) penguinblade: yeah we have
(25:32 / All) UKArabInvasion: Oh really now?
(25:38 / All) UKArabInvasion: Explain the 2 nazi spies on your team then
(25:41 / All) UKArabInvasion: My sleeper agents
(25:50 / All) penguinblade: damn he lost it
(26:05 / All) penguinblade: Wtf
(26:26 / All) UKArabInvasion: Explain the Nazi spy sleeper agents
(26:32 / All) UKArabInvasion: i thought you already won? Cocky fools
(26:39 / All) SpaceJewInSpace: I'm not bullshitting
(26:40 / All) SpaceJewInSpace: I mean it
(27:38 / All) UKArabInvasion: Do you see what I was talking about now?
(28:01 / All) penguinblade: they are ur friends i assume
(28:34 / All) UKArabInvasion: You didn't notice the spies on your team. and now you have lost. I told you to heed my warnings, but you didn't listen
(29:05 / All) UKArabInvasion: This is why you listen to your elders
(29:14 / All) africanRWhite: U CAN LEAVE ORANGE
(29:16 / All) africanRWhite: TY
(30:07 / All) africanRWhite: lawl
(30:10 / All) africanRWhite: no we are not bullshitting u
(30:40 / All) SpaceJewInSpace: WE got a runner
(30:46 / All) UKArabInvasion: We got a tp staff
(30:57 / All) SpaceJewInSpace: RUN RUNNER
(30:58 / All) SpaceJewInSpace: RUN
(31:00 / All) SpaceJewInSpace: RUN RUNNER
(31:01 / All) SpaceJewInSpace: RUN
(31:19 / All) africanRWhite: pink owned us 1v4
(32:28 / All) africanRWhite: pink
(32:31 / All) africanRWhite: correct me if im wrong
(32:34 / All) africanRWhite: but didnt orange tell you to leave
(32:38 / All) africanRWhite: it was "pointless"
(32:40 / All) UKArabInvasion: Yes he did
(32:49 / All) africanRWhite: whatever did he mean by that
(32:50 / All) UKArabInvasion: He didn't even heed my warnings of Nazi spies on your team, such as yourself
(34:08 / All) africanRWhite: i recognized teals name
(34:17 / All) UKArabInvasion: I didn't
(34:30 / All) SpaceJewInSpace: He's an injun
(34:38 / All) SpaceJewInSpace: Drunk more like than not
(35:29 / All) africanRWhite: does 2 voodoo's make both sh's immune to damage?
(35:35 / All) SpaceJewInSpace: yes
(35:39 / All) SpaceJewInSpace: I would imagine
(35:40 / All) africanRWhite: that is imba
(35:41 / All) africanRWhite: if so
(35:44 / All) africanRWhite: i would imagin eno
(35:50 / All) SpaceJewInSpace: why not
(35:57 / All) africanRWhite: its too imba in team games
(36:03 / All) SpaceJewInSpace: can use invul pot with it
(36:09 / All) africanRWhite: u cant
(36:14 / All) SpaceJewInSpace: then maybe not
(36:22 / All) africanRWhite: any last words oj
(36:45 / All) africanRWhite: his last ghoul needs to die
(36:47 / All) UKArabInvasion: He thought he had won for sure